 Dungeon Crawl Stone Soup version 0.24.0-1-gfbc8707122 (webtiles) character file.

Game seed: 764891801146270299, levelgen mode: deterministic

11116 Esekla the Thaumaturge (level 11, -19/50 HPs)
             Began as a Spriggan Warper on Oct 25, 2019.
             Was an Elder of Sif Muna.
             Killed from afar by a fire giant (37 damage)
             ... with a fireball
             ... on level 10 of the Dungeon.
             The game lasted 02:05:05 (15426 turns).

Esekla the Thaumaturge (Spriggan Warper)           Turns: 15426, Time: 02:05:06

Health: -19/50     AC: 10    Str:  8    XL:     11   Next: 45%
Magic:  22/26      EV: 23    Int: 18    God:    Sif Muna [****..]
Gold:   1008       SH:  0    Dex: 17    Spells: 11/31 levels left

rFire    + . .     SeeInvis +   i - +2 dagger (flame)
rCold    x . .     Gourm    .   (shield restricted)
rNeg     . . .     Faith    .   L - +4 troll leather armour
rPois    .         Spirit   .   (helmet restricted)
rElec    .         Reflect  .   q - +1 cloak
rCorr    .         Harm     +   (gloves unavailable)
MR       +....                  (boots unavailable)
Stlth    ++++......             s - amulet of harm
HPRegen  0.56/turn              w - ring of wizardry
MPRegen  0.20/turn              M - ring of fire

@: shrouded, very quick
A: very small, unfitting armour, antennae 1, see invisible, clever 1, herbivore,
speed 3, slow metabolism 2
a: Channel Magic, Forget Spell, Divine Exegesis, Renounce Religion


You were on level 10 of the Dungeon.
You worshipped Sif Muna.
Sif Muna was greatly pleased with you.
You were very hungry.

You visited 2 branches of the dungeon, and saw 11 of its levels.
You also visited: Sewer and Bailey.

You collected 1008 gold pieces.

Inventory:

Hand Weapons
 i - a +2 dagger of flaming (weapon)
 y - a +0 long sword
Missiles
 e - 4 boomerangs of dispersal
 G - 19 poisoned darts (quivered)
 H - 55 boomerangs
Armour
 q - a +1 cloak (worn)
 v - a +2 robe of fire resistance
 C - a +2 robe of positive energy
 L - a +4 troll leather armour (worn)
 O - +0 acid dragon scales
Jewellery
 j - an uncursed ring of flight
 o - an uncursed ring of poison resistance
 s - an amulet of harm (around neck)
 w - a ring of wizardry (left hand)
 M - a ring of fire (right hand)
Wands
 x - a wand of polymorph (16)
 A - a wand of paralysis (4)
 F - a wand of acid (16)
 N - a wand of flame (10)
Scrolls
 a - 4 scrolls of fog
 b - a scroll of immolation {unknown}
 d - 5 scrolls of blinking
 h - 8 scrolls of teleportation
 p - 3 scrolls of fear
 r - 4 scrolls of magic mapping
 B - 3 scrolls of remove curse
 E - 2 scrolls of enchant weapon
 K - a scroll of torment {unknown}
Potions
 c - a potion of curing
 k - a potion of resistance
 l - a potion of ambrosia {unknown}
 m - 4 potions of haste
 n - 4 potions of magic
 t - a potion of heal wounds
 u - a potion of mutation
 z - a potion of agility
 D - a potion of berserk rage {unknown}
 I - a potion of brilliance {unknown}
 J - a potion of flight {unknown}
Miscellaneous
 g - a lamp of fire
Comestibles
 f - 14 rations


   Skills:
 - Level 2.0 Fighting
 * Level 9.4 Short Blades
 + Level 2.3 Throwing
 * Level 1.2 Armour
 + Level 8.5 Dodging
 + Level 10.5 Stealth
 * Level 10.5 Spellcasting
 * Level 4.8 Conjurations
 * Level 7.4 Hexes
 + Level 5.9 Charms
 - Level 5.1 Translocations
 + Level 1.0 Evocations


You had 11 spell levels left.
You knew the following spells:

 Your Spells              Type           Power        Failure   Level  Hunger
a - Apportation           Tloc           ####..       1%          1    None
b - Blink                 Tloc           N/A          1%          2    None
c - Corona                Hex            #####..      1%          1    None
d - Dazzling Spray        Conj/Hex       ####..       1%          3    None
e - Searing Ray           Conj           ####..       1%          2    None
g - Shroud of Golubria    Chrm/Tloc      ####..       1%          2    None
i - Invisibility          Hex            #####...     28%         6    ######.
k - Tukima's Dance        Hex            #####...     1%          3    None

Your spell library contained the following spells:

 Spells                   Type           Power        Failure   Level  Hunger
 Magic Dart               Conj           ####         1%          1    None
 Ensorcelled Hibernation  Hex/Ice        ###...       1%          2    None
 Slow                     Hex            #####...     1%          2    None
 Confuse                  Hex            #####...     1%          3    None
 Gell's Gravitas          Tloc           ####......   1%          3    None
 Lesser Beckoning         Tloc           ####......   1%          3    None
 Portal Projectile        Hex/Tloc       ####..       1%          3    None
 Teleport Other           Tloc           ####....     1%          3    None
 Cause Fear               Hex            #####.....   1%          4    ###....
 Inner Flame              Hex/Fire       ####....     2%          3    None
 Fulminant Prism          Conj/Hex       ####......   3%          4    ###....
 Beastly Appendage        Tmut           #.....       4%          1    None
 Summon Butterflies       Summ           #.......     4%          1    None
 Passage of Golubria      Tloc           N/A          5%          4    ###....
 Sticks to Snakes         Tmut           #.......     6%          2    None
 Force Lance              Conj/Tloc      ####....     6%          4    ###....
 Iskenderun's Mystic Bla  Conj           ####....     6%          4    ###....
 Leda's Liquefaction      Hex/Erth       ###.......   9%          4    ###....
 Spider Form              Tmut/Pois      #.........   13%         3    None
 Ice Form                 Ice/Tmut       #.......     38%         4    ###....
 Alistair's Intoxication  Tmut/Pois      #.......     71%         5    #####..
 Blade Hands              Tmut           #.........   71%         5    #####..


Dungeon Overview and Level Annotations

Branches:
Dungeon (10/15)            Temple (1/1) D:6            Lair (0/6) D:10
    Orc (0/2) D:9           Sewer (visited)          Bailey (visited)

Altars:
Ashenzari
Cheibriados
Elyvilon
Fedhas
Gozag
Makhleb
Nemelex Xobeh
Okawaru
Qazlal
Sif Muna
Trog
Uskayaw
Vehumet
Wu Jian
Xom
Yredelemnul
Zin
The Shining One


Innate Abilities, Weirdness & Mutations

You are very small and have problems with some larger weapons.
You are too small for most types of armour.
You have supernaturally acute eyesight. (SInv)
You are a herbivore.
You cover ground extremely quickly.
You need to consume almost no food.
You have a pair of small antennae on your head.
Your mind is acute. (Int +2)


Message History

Confirm with . or Enter, or press ? or * to list all spells.
Space distorts slightly along a thin shroud covering your body.
Casting: Shroud of Golubria (safe; 1% risk of failure)
Confirm with . or Enter, or press ? or * to list all spells.
Aiming: Dazzling Spray (safe; 1% risk of failure)
Press: ? - help, Shift-Dir - straight line, f - fire giant
Aim: a fire giant, wielding a +1 great sword of flaming The spray of energy hits the fire giant!
The fire giant is lightly wounded.
The fire giant hits you with a +1 great sword of flaming!!
Ouch! That really hurt!
The fire giant burns you.
* * * LOW HITPOINT WARNING * * *
There is an open door here.
You close the door.
A fire giant opens the door.
The fire giant casts a spell at you.
The fireball explodes!
The fireball engulfs you!! You resist.
Ouch! That really hurt!
You die...

#...##.#..)# #
#...##.#...# ##
#######.#...######.
#.....#.##.##....#.
#.###.#.##.##....#.
#.....#.##..'......
#..##.#.#####....##
#.....#.# #....#
##@##.#.# #....#
#.##.#.# ######
#.##.#.# #.##.#.#
#.##.#.#
##'##.#.########
#..C...........####
#...#.#............
#...##########.#.#.


You could see a fire giant.

Vanquished Creatures
  A two-headed ogre (D:10)
  Pikel (D:3)
  Joseph (D:7)
  An elephant (D:10)
  A centaur zombie (D:10)
  A troll (D:10)
  A queen bee (D:8)
  2 hippogriffs
  A wyvern (D:10)
  Sigmund (D:3)
  A yak (D:10)
  A steam dragon (D:8)
  4 fire bats
  A basilisk (D:10)
  3 hungry ghosts
  An acid dragon (D:10)
  5 ice beasts
  An eye of draining (D:10)
  7 orc warriors
  2 black bears
  8 ogres
  2 sky beasts
  3 phantoms
  3 centaurs
  A crocodile (D:10)
  2 big kobolds
  5 bullfrogs
  A wyvern zombie (D:8)
  3 scorpions
  21 killer bees
  5 howler monkeys
  2 quasits
  3 crimson imps
  4 orc priests
  A bullfrog zombie (D:5)
  5 hounds
  4 jellies
  2 centaur skeletons
  2 bullfrog skeletons (D:10)
  Crazy Yiuf (D:7)
  3 iguanas
  5 worker ants
  8 orc wizards
  A hound zombie (D:6)
  A hound skeleton (D:6)
  A howler monkey zombie (D:5)
  A worker ant zombie (D:10)
  11 gnolls
  14 adders
  7 river rats
  An ooze (D:6)
  An adder zombie (D:9)
  2 worms
  3 dart slugs
  3 leopard geckos
  24 orcs
  2 giant cockroaches (D:3)
  15 goblins
  9 hobgoblins
  10 jackals
  36 kobolds
  2 quokkas
  18 ball pythons
  8 bats
  8 frilled lizards
  A quokka skeleton (D:6)
  37 rats
347 creatures vanquished.

Vanquished Creatures (others)
  A fungus (D:10)
1 creature vanquished.

Grand Total: 348 creatures vanquished

Notes
Turn   | Place    | Note
-------+----------+-------------------------------------------
     0 | D:1      | Esekla the Spriggan Warper began the quest for the Orb.
     0 | D:1      | Reached XP level 1. HP: 10/10 MP: 5/5
   220 | D:1      | Reached XP level 2. HP: 10/15 MP: 6/6
   504 | D:1      | Learned a level 2 spell: Shroud of Golubria
   507 | D:1      | Learned a level 2 spell: Blink
   960 | D:1      | Reached XP level 3. HP: 18/18 MP: 8/8
  1899 | D:1      | Reached XP level 4. HP: 13/23 MP: 6/9
  2797 | D:2      | Reached XP level 5. HP: 26/26 MP: 10/10
  3272 | D:3      | Noticed Sigmund
  3905 | D:3      | Found a glowing drain.
  3919 | D:3      | Reached skill level 1 in Stealth
  3949 | Sewer    | Entered a sewer
  4812 | Sewer    | Reached XP level 6. HP: 23/30 MP: 11/11
  5008 | Sewer    | Reached skill level 5 in Dodging
  5019 | Sewer    | Reached skill level 5 in Translocations
  5252 | D:3      | Learned a level 1 spell: Corona
  5256 | D:3      | Learned a level 3 spell: Dazzling Spray
  5260 | D:3      | Learned a level 3 spell: Tukima's Dance
  5300 | D:3      | Killed Sigmund
  5300 | D:3      | Reached skill level 5 in Short Blades
  5300 | D:3      | Reached XP level 7. HP: 35/35 MP: 6/14
  6043 | D:4      | Found a burning altar of Makhleb.
  6067 | D:5      | Entered Level 5 of the Dungeon
  6113 | D:5      | Reached skill level 1 in Hexes
  6169 | D:5      | Reached skill level 1 in Conjurations
  6721 | D:4      | Reached skill level 5 in Spellcasting
  6729 | D:4      | Noticed Pikel
  6891 | D:4      | Reached XP level 8. HP: 39/39 MP: 7/17
  7138 | D:3      | Killed Pikel
  7138 | D:3      | Reached skill level 5 in Charms
  7476 | D:5      | Learned a level 2 spell: Searing Ray
  7589 | D:5      | Reached skill level 5 in Stealth
  7864 | D:6      | Gained mutation: You are robust. (+10% HP) [potion of
                  | mutation]
  7864 | D:6      | Gained mutation: Your magical capacity is low. (-10% MP)
                  | [potion of mutation]
  7864 | D:6      | Gained mutation: You have sharp fingernails. [potion of
                  | mutation]
  7865 | D:6      | Lost mutation: Your magical capacity is low. (-10% MP)
                  | [potion of mutation]
  7865 | D:6      | Lost mutation: You have sharp fingernails. [potion of
                  | mutation]
  7865 | D:6      | Lost mutation: You are robust. (+10% HP) [potion of
                  | mutation]
  7865 | D:6      | Gained mutation: You have large cloven feet. [potion of
                  | mutation]
  7865 | D:6      | Gained mutation: You have a pair of small horns on your
                  | head. [potion of mutation]
  7866 | D:6      | Lost mutation: You have large cloven feet. [potion of
                  | mutation]
  7866 | D:6      | Lost mutation: You have a pair of small horns on your head.
                  | [potion of mutation]
  7866 | D:6      | Gained mutation: Your mind is acute. (Int +2) [potion of
                  | mutation]
  7866 | D:6      | Gained mutation: You have a pair of small antennae on your
                  | head. [potion of mutation]
  7913 | D:6      | Reached skill level 1 in Evocations
  7913 | D:6      | Reached XP level 9. HP: 42/42 MP: 19/19
  8040 | D:6      | Found a staircase to the Ecumenical Temple.
  8084 | Temple   | Entered the Ecumenical Temple
  8171 | Temple   | Became a worshipper of Sif Muna the Loreminder
  8777 | D:7      | Found a shimmering blue altar of Sif Muna.
  9269 | D:7      | Found a runed translucent door.
  9270 | D:7      | Noticed Crazy Yiuf
  9286 | D:7      | Killed Crazy Yiuf
  9306 | D:7      | Noticed Joseph
  9425 | D:7      | Killed Joseph
  9483 | D:7      | Found a stormy altar of Qazlal.
  9677 | D:7      | Reached skill level 5 in Hexes
  9754 | D:7      | Reached * piety under Sif Muna
 10079 | D:7      | Found a shimmering blue altar of Sif Muna.
 10156 | D:7      | Reached XP level 10. HP: 32/46 MP: 19/22
 10484 | D:8      | Found a flagged portal.
 10562 | Bailey   | Entered a bailey
 10624 | Bailey   | Reached ** piety under Sif Muna
 11712 | D:8      | Learned a level 1 spell: Apportation
 12267 | D:9      | Reached *** piety under Sif Muna
 12326 | D:9      | Found a staircase to the Orcish Mines.
 13394 | D:8      | Reached skill level 10 in Stealth
 13394 | D:8      | Reached XP level 11. HP: 37/50 MP: 2/25
 13532 | D:8      | Reached skill level 10 in Spellcasting
 13664 | D:10     | Entered Level 10 of the Dungeon
 13879 | D:10     | Noticed a fire giant
 13880 | D:10     | Found the +7 great mace "Firestarter" {inner flame, rF++}
 14006 | D:10     | Noticed a two-headed ogre
 14055 | D:10     | Killed a two-headed ogre
 14179 | D:9      | Learned a level 6 spell: Invisibility
 14776 | D:10     | Found a glowing silver altar of Zin.
 14849 | D:10     | Reached **** piety under Sif Muna
 15018 | D:10     | Found a staircase to the Lair.
 15282 | D:10     | Reached skill level 1 in Armour
 15426 | D:10     | Killed from afar by a fire giant

Levels and vault maps discovered:
D:1:      lightli_molten_gateway, layout_basic, st_stairs_14,
          serial_bayou_lagoon_a
D:2:      layout_loops_cross
D:3:      layout_loops_cross, portal_sewer_entry_a, first_ration, uniq_sigmund
D:4:      layout_loops_cross, bloody_makhleb, uniq_pikel
D:5:      layout_loops_ring, minmay_a_box_with_orc_wizards_in_it
D:6:      layout_loops_cross, minmay_temple_entry_stoned_glass
D:7:      layout_rooms, nicolae_qazlal_eye_of_the_storm, basic_altar,
          led_sif_pool, uniq_crazy_yiuf_cottage, uniq_joseph
D:8:      layout_loops_cross, enter_bailey_7, david_nohive_1
D:9:      layout_gridville, orc_0_dummy
D:10:     minmay_firetagon, layout_basic, david_lair_generic, basic_altar
Temple:   roderic_octagonal_lattice_temple

Skill      XL: |  1  2  3  4  5  6  7  8  9 10 11 |
---------------+----------------------------------+-----
Dodging        | 4 5 6 7 8 |  8.5
Charms         | 2 3 4 5 |  5.9
Short Blades   | 3 4 5 6 8 9 |  9.4
Fighting       | 2 |  2.0
Stealth        | 1 2 5 7 10 | 10.5
Spellcasting   | 3 4 5 6 7 9 10 | 10.5
Translocations | 5 |  5.1
Hexes          | 2 4 5 6 7 |  7.4
Conjurations   | 1 2 3 4 |  4.8
Evocations     | 1 |  1.0
Throwing       | 2 |  2.3
Armour         | 1 |  1.2

Action                   |  1- 3 |  4- 6 |  7- 9 | 10-12 || total
-------------------------+-------+-------+-------+-------++-------
Melee: Short sword       |    52 |       |       |       ||    52
       Dagger            |    90 |   385 |   437 |   470 ||  1382
Throw: Dart              |       |    29 |     7 |     7 ||    43
       Boomerang         |       |     1 |       |       ||     1
 Cast: Shroud of Golubri |     3 |    30 |    24 |    25 ||    82
       Blink             |       |     1 |       |     9 ||    10
       Dazzling Spray    |       |     1 |    85 |   101 ||   187
 Abil: Evoke Flight      |     2 |       |       |       ||     2
Evoke: Wand              |       |       |     2 |       ||     2
  Use: Scroll            |       |    10 |     3 |     7 ||    20
       Potion            |       |       |     5 |     1 ||     6
 Stab: Sleeping          |       |     1 |     9 |    18 ||    28
       Distracted        |       |     1 |     3 |       ||     4
       Invisible         |       |     2 |    27 |    35 ||    64
       Paralysed         |       |       |     1 |       ||     1
  Eat: Ration            |       |     3 |     4 |     4 ||    11
Armor: Robe              |    15 |    20 |    22 |    33 ||    90
       Troll leather arm |       |       |       |    15 ||    15
Dodge: Dodged            |    92 |   335 |   306 |   479 ||  1212
